 Dungeon Crawl Stone Soup version 0.29-a0-323-g050149af67 (webtiles) character file.

Game seed: 2404056500096541936

763 Jortsu the Ruffian (level 7, -9/67 HPs)
             Began as a Troll Fighter on Apr 12, 2022.
             Was an Elder of Fedhas.
             Mangled by Prince Ribbit (12 damage)
             ... on level 6 of the Dungeon.
             The game lasted 00:09:06 (3668 turns).

Jortsu the Ruffian (Troll Fighter)                  Turns: 3668, Time: 00:09:06

Health: -9/67      AC:  4    Str: 25    XL:     7   Next: 51%
Magic:  0/6        EV: 11    Int:  4    God:    Fedhas [****..]
Gold:   166        SH:  0    Dex: 13    Spells: 6/6 levels left

rFire   + . .      SeeInvis .   g - +0 giant spiked club
rCold   . . .      Faith    .   (shield currently unavailable)
rNeg    . . .      Spirit   +   a - +0 robe
rPois   .          Reflect  .   e - +1 hat
rElec   .          Harm     .   (no cloak)
rCorr   .          Rampage  .   (gloves unavailable)
Will    .....                   (boots unavailable)
Stlth   ++........              u - amulet of guardian spirit
HPRegen 1.01/turn               v - ring of protection from fire
MPRegen 0.10/turn               (no ring)

@: unable to read
A: large, unfitting armour, claws 3, regeneration 1, shaggy fur 1, tough skin 1,
agile 1, deformed body, inability to read while threatened
a: Renounce Religion, Wall of Briars, Grow Ballistomycete, Overgrow


You were on level 6 of the Dungeon.
You worshipped Fedhas.
Fedhas was greatly pleased with you.
You visited 1 branch of the dungeon, and saw 6 of its levels.
You also visited: Ossuary.

You collected 270 gold pieces.
You spent 104 gold pieces at shops.

Inventory:

Hand Weapons
 g - a +0 giant spiked club (weapon)
Armour
 a - a +0 robe (worn)
 b - a +0 kite shield
 e - a +1 hat (worn)
Jewellery
 p - a ring of magical power
 u - an amulet of guardian spirit (around neck)
 v - a ring of protection from fire (left claw)
Wands
 w - a wand of digging (5)
Scrolls
 i - a scroll of teleportation
 k - a scroll of amnesia
 l - 2 scrolls of enchant weapon
 m - 3 scrolls of summoning
 n - a scroll of enchant armour
 y - 3 scrolls of identify
Potions
 c - a potion of might
 d - a potion of berserk rage
 f - 6 potions of heal wounds
 h - 3 potions of curing
 j - 2 potions of magic
 o - a potion of brilliance
 q - 2 potions of flight
 r - a potion of resistance
 s - a potion of lignification
 t - a potion of attraction


   Skills:
 + Level 3.2 Fighting
 + Level 1.4 Maces & Flails
 + Level 4.0 Dodging
 + Level 0.9 Stealth
 + Level 3.5 Shields
 + Level 5.7 Unarmed Combat


You had 6 spell levels left.
You didn't know any spells.
Your spell library contained the following spells:

 Spells                   Type           Power      Damage    Failure   Level
 Animate Skeleton         Necr           0%         N/A       50%         1
 Pain                     Necr           0%         1d4       50%         1
 Summon Small Mammal      Summ           0%         N/A       50%         1
 Corpse Rot               Necr/Air       0%         N/A       65%         2
 Sublimation of Blood     Necr           0%         N/A       65%         2
 Call Canine Familiar     Summ           0%         N/A       86%         3
 Summon Guardian Golem    Hex/Summ       0%         N/A       86%         3
 Vampiric Draining        Necr           0%         2d6       86%         3
 Dispel Undead            Necr           0%         3d6       99%         4
 Petrify                  Tmut/Erth      0%         N/A       99%         4
 Irradiate                Conj/Tmut      0%         3d13      100%        5
 Death Channel            Necr           0%         N/A       100%        6


Dungeon Overview and Level Annotations

Branches:
Dungeon (6/15)            Ossuary (visited)
 Temple: D:4-7

Altars:
Fedhas
Kikubaaqudgha
Ru
Sif Muna

Shops:
D:4 ?(

Annotations:
D:6 Prince Ribbit


Innate Abilities, Weirdness & Mutations

You are too large for most types of armour.
You have claws for hands.
Your natural rate of healing is unusually fast.
You are covered in fur. (AC +1)
You have tough skin. (AC +1)
You are agile. (Dex +2)
Armour fits poorly on your strangely shaped body.
You sometimes lose the ability to read scrolls when taking damage.


Message History

Found a stone staircase leading up.
y - 2 scrolls of identify (gained 1) HP restored.
y - 3 scrolls of identify (gained 1)
Found an escape hatch in the floor.
Found a stone staircase leading down.
You now have 166 gold pieces (gained 14).
As you open the door, it creaks loudly!
There is an open door here.
Prince Ribbit and an iguana come into view.
The iguana hisses angrily.
There are monsters nearby!
Prince Ribbit gives a loud, deep croak!
Prince Ribbit asks, "Just a little smooch?"
Prince Ribbit asks, "Just a little smooch?"
There is a stone staircase leading down here.
Prince Ribbit hits you but does no damage. x2
You climb downwards.
There is a stone staircase leading up here.
You barely miss Prince Ribbit. Prince Ribbit hits you! x2
You feel threatened and lose the ability to read scrolls!
You barely miss Prince Ribbit. Prince Ribbit hits you! x3
* * * LOW HITPOINT WARNING * * *
You barely miss Prince Ribbit. Prince Ribbit hits you. Prince Ribbit hits you!
* * * LOW HITPOINT WARNING * * *
You closely miss Prince Ribbit. Prince Ribbit barely misses you.
Prince Ribbit hits you.
* * * LOW HITPOINT WARNING * * *
Prince Ribbit blinks!
The scorpion stings you.
* * * LOW HITPOINT WARNING * * *
You closely miss the scorpion. The scorpion stings you.
* * * LOW HITPOINT WARNING * * *
Prince Ribbit barely misses you. The scorpion stings you.
* * * LOW HITPOINT WARNING * * *
Prince Ribbit hits you.
* * * LOW HITPOINT WARNING * * *
You barely miss the scorpion. Prince Ribbit hits you!
You die...
Fedhas appreciates your contribution to the ecosystem.

#.# #.# #.# #.#
##.## ... #.#
#<# #@#
......Fs....#
#######.###....
#.. .. ###


You could see Prince Ribbit and a scorpion.

Vanquished Creatures
  3 ogres
  An elf zombie (D:4)
  A water moccasin zombie (Ossuary)
  A hound (D:4)
  An orc priest (D:4)
  2 human skeletons (D:4)
  2 mummies (Ossuary)
  Robin (D:3)
  3 gnolls (D:3)
  6 adders
  An ufetubus (D:5)
  8 adder zombies (Ossuary)
  A worm (D:2)
  A dart slug (D:3)
  7 orcs
  4 bats
  8 endoplasms
  A giant cockroach (D:4)
  5 gnoll zombies (Ossuary)
  18 goblins
  10 hobgoblins
  A jackal (D:2)
  4 quokkas
  7 ball pythons
  4 frilled lizards
  9 hobgoblin zombies (Ossuary)
  2 kobolds
  4 kobold zombies (Ossuary)
  2 orc skeletons (D:4)
  5 orc zombies
  6 rats
129 creatures vanquished.

Notes
Turn   | Place    | Note
-------+----------+-------------------------------------------
     0 | D:1      | Jortsu the Troll Fighter began the quest for the Orb.
     0 | D:1      | Reached XP level 1. HP: 22/22 MP: 0/0
   104 | D:1      | Reached XP level 2. HP: 29/29 MP: 1/1
   250 | D:1      | Found a faded altar of an unknown god.
   261 | D:1      | Prayed at the altar of an unknown god.
   261 | D:1      | Became a worshipper of Fedhas Madash
   261 | D:1      | Reached * piety under Fedhas
   601 | D:2      | Reached XP level 3. HP: 33/36 MP: 2/2
   851 | D:2      | Reached ** piety under Fedhas
   988 | D:2      | Reached XP level 4. HP: 44/44 MP: 3/3
  1589 | D:3      | Noticed Robin
  1595 | D:3      | Killed Robin
  1596 | D:3      | Reached skill level 3 in Unarmed Combat
  1830 | D:3      | Reached XP level 5. HP: 32/52 MP: 4/4
  1834 | D:3      | Reached *** piety under Fedhas
  2019 | D:3      | Found a shimmering blue altar of Sif Muna.
  2201 | D:4      | Found an ancient bone altar of Kikubaaqudgha.
  2403 | D:4      | Reached skill level 4 in Unarmed Combat
  2403 | D:4      | Reached XP level 6. HP: 59/59 MP: 5/5
  2417 | D:4      | Found a sand-covered staircase.
  2422 | Ossuary  | Entered an ossuary
  2546 | Ossuary  | Reached **** piety under Fedhas
  2589 | Ossuary  | Reached skill level 5 in Unarmed Combat
  2686 | D:4      | Found Jiakhluf's Magic Scroll Boutique.
  2691 | D:4      | Bought a scroll of identify for 26 gold pieces
  2691 | D:4      | Bought a scroll of identify for 26 gold pieces
  2691 | D:4      | Bought a scroll of identify for 26 gold pieces
  2691 | D:4      | Bought a scroll of identify for 26 gold pieces
  2695 | D:4      | Gained mutation: Your muscles are strong. (Str +2) [potion
                  | of mutation]
  2695 | D:4      | Gained mutation: Your magical capacity is low. (-10% MP)
                  | [potion of mutation]
  2696 | D:4      | Lost mutation: Your magical capacity is low. (-10% MP)
                  | [potion of mutation]
  2696 | D:4      | Lost mutation: Your muscles are strong. (Str +2) [potion of
                  | mutation]
  2696 | D:4      | Gained mutation: You sometimes lose the ability to read
                  | scrolls when taking damage. [potion of mutation]
  2696 | D:4      | Gained mutation: Armour fits poorly on your strangely
                  | shaped body. [potion of mutation]
  2696 | D:4      | Gained mutation: You are agile. (Dex +2) [potion of
                  | mutation]
  2834 | D:4      | Reached XP level 7. HP: 45/67 MP: 6/6
  2866 | D:4      | Found a sacrificial altar of Ru.
  3146 | D:4      | Found a blossoming altar of Fedhas.
  3409 | D:4      | Found Aqoluofu's Weapon Boutique.
  3534 | D:5      | Entered Level 5 of the Dungeon
  3582 | D:5      | Reached skill level 1 in Maces & Flails
  3650 | D:5      | Noticed Prince Ribbit
  3667 | D:6      | HP: 2/67 [Prince Ribbit (5)]
  3668 | D:6      | Mangled by Prince Ribbit

Illustrated notes

Levels and vault maps discovered:
D:1:      eino_arrival_tree_alley, layout_basic,
          shapermc_ecumenical_altar_notcrosses, minmay_tetromino_i4
D:2:      layout_loops_ring, minmay_randomly_rotated_circles
D:3:      layout_basic, lemuel_blue_sif_altar, uniq_robin
D:4:      layout_loops_corners, nicolae_ru_the_path_less_chosen,
          mainiacjoe_overflow_brackets, fedhas_altar_3,
          nicolae_ossuary_entry_catacombs, serial_shops, kennysheep_little_box,
          shop
D:5:      layout_basic, mainiacjoe_overflow_alcove_1, uniq_prince_ribbit1
D:6:      layout_loops_ring, trog_hazing_becter, lemuel_round_altar,
          nicolae_uskayaw_dance_studio, glass_columns_a,
          grunt_decor_mini_mirrors, uniq_menkaure, uniq_grinder

Skill      XL: |  1  2  3  4  5  6  7 |
---------------+----------------------+-----
Dodging        | 3 4 |  4.0
Shields        | 3 |  3.5
Unarmed Combat | 3 4 5 |  5.7
Fighting       | 3 |  3.2
Maces & Flails | 1 |  1.4
Stealth        | |  0.9

Action                   |  1- 3 |  4- 6 |  7- 9 || total
-------------------------+-------+-------+-------++-------
Melee: Unarmed           |   118 |   209 |       ||   327
       Giant spiked club |       |    14 |    90 ||   104
  Use: Scroll            |     2 |    19 |     1 ||    22
       Potion            |       |     2 |       ||     2
 Stab: Sleeping          |       |     1 |     1 ||     2
Armor: Robe              |    40 |    43 |    51 ||   134
Dodge: Dodged            |    43 |    66 |   132 ||   241
Block: Kite shield       |    50 |    60 |       ||   110

Table legend: (Time is in decaauts)
 A = Elapsed time spent in this place.
 B = Non-inter-level travel time spent in this place.
 C = Inter-level travel time spent in this place.
 D = Time resting spent in this place.
 E = Time spent auto-exploring this place.
 F = Levels seen in this place.
 G = Mean time per level.
                   A        B        C        D        E       F      G
               +--------+--------+--------+--------+--------+-----+--------+
         Total |   3772 |   3676 |     96 |     83 |   2256 |   7 |  538.9 |
       Dungeon |   3560 |   3464 |     96 |     83 |   2256 |   6 |  593.3 |
       Ossuary |    211 |    211 |      0 |      0 |      0 |   1 |  211.0 |
               +--------+--------+--------+--------+--------+-----+--------+

Top non-repeatable levels by time:
     D:4: 1264 daAuts
     D:3: 823 daAuts
     D:2: 805 daAuts
     D:1: 520 daAuts
 Ossuary: 211 daAuts
     D:5: 136 daAuts
     D:6: 10 daAuts
